| TOP OF THE 1ST |
|
Columbia Fireflies batting - Pitching for Biloxi Shuckers : RHP Ryan Sunday
|
|
Pitching: RHP Ryan Sunday
|
|
|
Batting: SHB Detlef Oursler
|
0-0: Ball 1-0: Called Strike 1-1: Foul Ball, location: 2F 1-2: Foul Ball, location: 2F 1-2: Ball 2-2: Ball 3-2: Strikes out swinging
|
|
Batting: SHB Jason Evans
|
0-0: Ground out 5-3 (Groundball, 5, EV 87.5 MPH)
|
|
Batting: LHB Tony Leyba
|
0-0: Foul Ball, location: 2F 0-1: Ball 1-1: Swinging Strike 1-2: Foul Ball, location: 2F 1-2: Strikes out looking
|
| Top of the 1st over - 0 runs, 0 hits, 0 errors, 0 left on base; Columbia 0 - Biloxi 0 |
| BOTTOM OF THE 1ST |
|
Biloxi Shuckers batting - Pitching for Columbia Fireflies : RHP Ryan Stegall
|
|
Pitching: RHP Ryan Stegall
|
|
|
Batting: RHB Nick Cummings
|
0-0: Called Strike 0-1: Ground out 6-3 (Groundball, 6, EV 90.0 MPH)
|
|
Batting: SHB Justin Hensley
|
0-0: Called Strike 0-1: Foul Ball, location: 2F 0-2: Ground out 4-3 (Groundball, 4, EV 101.2 MPH)
|
|
Batting: LHB Adam Hill
|
0-0: Ground out 5-3 (Groundball, 56, EV 86.9 MPH)
|
| Bottom of the 1st over - 0 runs, 0 hits, 0 errors, 0 left on base; Columbia 0 - Biloxi 0 |
| TOP OF THE 2ND |
|
Columbia Fireflies batting - Pitching for Biloxi Shuckers : RHP Ryan Sunday
|
|
Batting: LHB Bayesa Mundhir
|
0-0: Ball 1-0: Swinging Strike 1-1: Foul Ball, location: 2F 1-2: Foul Ball, location: 2F 1-2: SINGLE (Groundball, 15S, EV 65.0 MPH) (infield hit)
|
|
Batting: LHB Miguel Ramos
|
0-0: Foul Ball, location: 2F 0-1: Ball 1-1: Ball 2-1: TRIPLE (Groundball, 3L, EV 103.8 MPH) Bayesa Mundhir scores
|
|
Batting: SHB Jerry Burrows
|
0-0: Ball 1-0: Ball 2-0: Ball 3-0: Called Strike 3-1: Called Strike 3-2: Base on Balls
|
|
Batting: LHB Zane Kelton
|
0-0: Foul Ball, location: 2F 0-1: Called Strike 0-2: Fielders Choice at 2nd, 3-6 (Groundball, 3, EV 81.2 MPH) Miguel Ramos scores
|
|
Batting: LHB Jamel Alexander
|
0-0: Called Strike Zane Kelton steals 2nd, throwing error, E2 Zane Kelton to third 0-1: Swinging Strike 0-2: Foul Ball, location: 2F 0-2: Ball 1-2: Strikes out swinging
|
|
Batting: RHB David Reyna
|
0-0: Called Strike 0-1: Ball 1-1: Ball 2-1: Foul Ball, location: 2F 2-2: Strikes out swinging
|
| Top of the 2nd over - 2 runs, 2 hits, 1 error, 1 left on base; Columbia 2 - Biloxi 0 |
| BOTTOM OF THE 2ND |
|
Biloxi Shuckers batting - Pitching for Columbia Fireflies : RHP Ryan Stegall
|
|
Batting: LHB Karel Hort
|
0-0: Foul Ball, location: 2F 0-1: Ball 1-1: Swinging Strike 1-2: Foul Ball, location: 2F 1-2: Ball 2-2: Fly out, F2 (Popup, 5SF, EV 74.4 MPH)
|
|
Batting: LHB Kwang-chih Men
|
0-0: Swinging Strike 0-1: Swinging Strike 0-2: Foul Ball, location: 2F 0-2: Ball 1-2: Ball 2-2: Ground out 1-3 (Groundball, 13S, EV 70.0 MPH)
|
|
Batting: RHB Brian Landrum
|
0-0: Called Strike 0-1: Called Strike 0-2: Ball 1-2: Strikes out swinging
|
| Bottom of the 2nd over - 0 runs, 0 hits, 0 errors, 0 left on base; Columbia 2 - Biloxi 0 |
| TOP OF THE 3RD |
|
Columbia Fireflies batting - Pitching for Biloxi Shuckers : RHP Ryan Sunday
|
|
Batting: SHB Detlef Oursler
|
0-0: Ball 1-0: Ball 2-0: Swinging Strike 2-1: Swinging Strike 2-2: Strikes out swinging
|
|
Batting: SHB Jason Evans
|
0-0: SINGLE (Flyball, 78S, EV 91.2 MPH) - OUT at second base trying to stretch hit.
|
|
Batting: LHB Tony Leyba
|
0-0: Foul Ball, location: 2F 0-1: Called Strike 0-2: Ball 1-2: Strikes out swinging
|
| Top of the 3rd over - 0 runs, 1 hit, 0 errors, 0 left on base; Columbia 2 - Biloxi 0 |
| BOTTOM OF THE 3RD |
|
Biloxi Shuckers batting - Pitching for Columbia Fireflies : RHP Ryan Stegall
|
|
Batting: RHB Josh Nelson
|
0-0: Called Strike 0-1: Ball 1-1: Ball 2-1: Ball 3-1: Swinging Strike 3-2: Ground out 6-3 (Groundball, 6, EV 78.1 MPH)
|
|
Batting: LHB Rick Campbell
|
0-0: Foul Ball, location: 2F 0-1: Ball 1-1: Called Strike 1-2: Ball 2-2: Ground out 4-3 (Groundball, 4, EV 96.9 MPH)
|
|
Batting: RHB Leo Serrano
|
0-0: Foul Ball, location: 2F 0-1: Ball 1-1: Ground out U3 (Groundball, 34, EV 80.0 MPH)
|
| Bottom of the 3rd over - 0 runs, 0 hits, 0 errors, 0 left on base; Columbia 2 - Biloxi 0 |
| TOP OF THE 4TH |
|
Columbia Fireflies batting - Pitching for Biloxi Shuckers : RHP Ryan Sunday
|
|
Batting: LHB Bayesa Mundhir
|
0-0: Foul Ball, location: 2F 0-1: Foul Ball, location: 2F 0-2: SINGLE (Groundball, 3D, EV 101.9 MPH)
|
|
Batting: LHB Miguel Ramos
|
0-0: Called Strike 0-1: Fly out, F7 (Flyball, 78M, EV 80.0 MPH)
|
|
Batting: SHB Jerry Burrows
|
0-0: Ball 1-0: Foul Ball, location: 2F 1-1: Called Strike 1-2: Strikes out looking
|
|
Batting: LHB Zane Kelton
|
0-0: Ball 1-0: Ball 2-0: Foul Ball, location: 2F 2-1: Called Strike 2-2: Strikes out looking
|
| Top of the 4th over - 0 runs, 1 hit, 0 errors, 1 left on base; Columbia 2 - Biloxi 0 |
| BOTTOM OF THE 4TH |
|
Biloxi Shuckers batting - Pitching for Columbia Fireflies : RHP Ryan Stegall
|
|
Batting: RHB Nick Cummings
|
0-0: Ground out 6-3 (Groundball, 6, EV 87.5 MPH)
|
|
Batting: SHB Justin Hensley
|
0-0: Ball 1-0: Ball 2-0: Foul Ball, location: 2F 2-1: Ball 3-1: Base on Balls
|
|
Batting: LHB Adam Hill
|
0-0: Ball 1-0: Called Strike 1-1: Ball 2-1: SINGLE (Groundball, 4MD, EV 103.1 MPH) Justin Hensley to second
|
|
Batting: LHB Karel Hort
|
0-0: Hit by Pitch Justin Hensley to third Adam Hill to second
|
|
Batting: LHB Kwang-chih Men
|
0-0: Ball 1-0: Fly out, F7 (Flyball, 78D, EV 98.8 MPH) Runner from 3rd tags up, SCORES, throw by LF
|
|
Batting: RHB Brian Landrum
|
0-0: Called Strike 0-1: SINGLE (Line Drive, 4MD, EV 100.0 MPH) Adam Hill to third Karel Hort to second
|
|
Batting: RHB Josh Nelson
|
0-0: Swinging Strike 0-1: Foul Ball, location: 2F 0-2: Ball 1-2: Foul Ball, location: 2F 1-2: Strikes out swinging
|
| Bottom of the 4th over - 1 run, 2 hits, 0 errors, 3 left on base; Columbia 2 - Biloxi 1 |
| TOP OF THE 5TH |
|
Columbia Fireflies batting - Pitching for Biloxi Shuckers : RHP Ryan Sunday
|
|
Batting: LHB Jamel Alexander
|
0-0: Ball 1-0: Swinging Strike 1-1: Foul Ball, location: 2F 1-2: Foul Ball, location: 2F 1-2: Ball 2-2: Strikes out swinging
|
|
Batting: RHB David Reyna
|
0-0: Ball 1-0: Swinging Strike 1-1: Ball 2-1: SINGLE (Groundball, 6MD, EV 106.2 MPH)
|
|
Batting: SHB Detlef Oursler
|
0-0: Called Strike 0-1: Ball 1-1: Ball 2-1: Ground out 5-3 (Groundball, 56S, EV 70.6 MPH) David Reyna to second
|
|
Batting: SHB Jason Evans
|
0-0: Ball 1-0: Foul Ball, location: 2F 1-1: SINGLE (Line Drive, 4M, EV 110.0 MPH) David Reyna to third Throwing error, E8 David Reyna scores Jason Evans to second
|
|
Batting: LHB Tony Leyba
|
0-0: Called Strike 0-1: Ball 1-1: Called Strike 1-2: Foul Ball, location: 2F 1-2: Strikes out swinging
|
| Top of the 5th over - 1 run, 2 hits, 1 error, 1 left on base; Columbia 3 - Biloxi 1 |
| BOTTOM OF THE 5TH |
|
Biloxi Shuckers batting - Pitching for Columbia Fireflies : RHP Ryan Stegall
|
|
Batting: LHB Rick Campbell
|
0-0: Ball 1-0: Called Strike 1-1: Ball 2-1: Ball 3-1: Ground out 6-3 (Groundball, 56, EV 92.5 MPH)
|
|
Batting: RHB Leo Serrano
|
0-0: Called Strike 0-1: Ball 1-1: Ball 2-1: Swinging Strike 2-2: Ground out 4-3 (Groundball, 4M, EV 85.0 MPH)
|
|
Batting: RHB Nick Cummings
|
0-0: Called Strike 0-1: Ball 1-1: Foul Ball, location: 2F 1-2: Foul Ball, location: 2F 1-2: DOUBLE (Flyball, 89XD, EV 96.2 MPH)
|
|
Batting: SHB Justin Hensley
|
0-0: SINGLE (Line Drive, 78M, EV 106.9 MPH) Nick Cummings to third
|
|
Batting: LHB Adam Hill
|
0-0: Swinging Strike 0-1: Ball 1-1: Fly out, F4 (Flyball, 34D, EV 91.9 MPH)
|
| Bottom of the 5th over - 0 runs, 2 hits, 0 errors, 2 left on base; Columbia 3 - Biloxi 1 |
| TOP OF THE 6TH |
|
Columbia Fireflies batting - Pitching for Biloxi Shuckers : RHP Ryan Sunday
|
|
Batting: LHB Bayesa Mundhir
|
0-0: Ball 1-0: Ball 2-0: Ball 3-0: Foul Ball, location: 2F 3-1: Base on Balls
|
|
Batting: LHB Miguel Ramos
|
0-0: Called Strike 0-1: SINGLE (Groundball, 34D, EV 97.5 MPH) Bayesa Mundhir to second Runner from 2nd tries for 3rd, SAFE, throw by RF made to third
|
|
Batting: SHB Jerry Burrows
|
0-0: Called Strike 0-1: Ground out U3 (Groundball, 3, EV 83.8 MPH) Miguel Ramos to second
|
|
Batting: LHB Zane Kelton
|
0-0: Ball 1-0: Swinging Strike 1-1: Ball 2-1: Swinging Strike 2-2: Ball 3-2: Strikes out looking
|
|
Batting: LHB Jamel Alexander
|
0-0: Intentional Walk
|
|
Pitching: RHP Jay Cowgill
|
|
|
Batting: RHB David Reyna
|
0-0: Ball 1-0: Foul Ball, location: 2F 1-1: Ball 2-1: Ground out 1-3 (Groundball, 13S, EV 63.8 MPH)
|
| Top of the 6th over - 0 runs, 1 hit, 0 errors, 3 left on base; Columbia 3 - Biloxi 1 |
| BOTTOM OF THE 6TH |
|
Biloxi Shuckers batting - Pitching for Columbia Fireflies : RHP Ryan Stegall
|
|
Batting: LHB Karel Hort
|
0-0: DOUBLE (Flyball, 8RXD, EV 92.5 MPH)
|
|
Batting: LHB Kwang-chih Men
|
0-0: Ball 1-0: Fly out, F6 (Popup, 6MS, EV 71.9 MPH)
|
|
Pinch Hitting: SHB Aaron Neill
|
0-0: Ball 1-0: Foul Ball, location: 2F 1-1: Ball 2-1: Foul Ball, location: 2F 2-2: Strikes out swinging
|
|
Batting: RHB Josh Nelson
|
0-0: Ball 1-0: Ball 2-0: Ball 3-0: Called Strike 3-1: Base on Balls
|
|
Batting: LHB Rick Campbell
|
0-0: Ball 1-0: Ball 2-0: Called Strike 2-1: Ball 3-1: Base on Balls Karel Hort to third Josh Nelson to second
|
|
Batting: RHB Leo Serrano
|
0-0: Ball 1-0: Fielders Choice at 2nd, 5-4 (Groundball, 56, EV 83.8 MPH)
|
| Bottom of the 6th over - 0 runs, 1 hit, 0 errors, 3 left on base; Columbia 3 - Biloxi 1 |
| TOP OF THE 7TH |
|
Columbia Fireflies batting - Pitching for Biloxi Shuckers : RHP Jay Cowgill
|
|
Now in CF: Aaron Neill
|
|
|
Batting: SHB Detlef Oursler
|
0-0: Called Strike 0-1: SINGLE (Line Drive, 56D, EV 98.8 MPH)
|
|
Batting: SHB Jason Evans
|
0-0: Ball 1-0: Ball 2-0: Grounds into double play, U6-3 (Groundball, 4M, EV 84.4 MPH)
|
|
Pitching: LHP Brian Rich
|
|
|
Batting: LHB Tony Leyba
|
0-0: Called Strike 0-1: Ground out 2-3 (Groundball, 2R, EV 68.8 MPH)
|
| Top of the 7th over - 0 runs, 1 hit, 0 errors, 0 left on base; Columbia 3 - Biloxi 1 |
| BOTTOM OF THE 7TH |
|
Biloxi Shuckers batting - Pitching for Columbia Fireflies : RHP Ryan Stegall
|
|
Batting: RHB Nick Cummings
|
0-0: Called Strike 0-1: Swinging Strike 0-2: Foul Ball, location: 2F 0-2: Ball 1-2: Ball 2-2: Ball 3-2: Foul Ball, location: 2F 3-2: Base on Balls
|
|
Pitching: RHP Justin Wilkins
|
|
|
Batting: SHB Justin Hensley
|
0-0: Ground out 6-3 (Groundball, 6M, EV 85.6 MPH) Nick Cummings to second
|
|
Batting: LHB Adam Hill
|
0-0: Called Strike 0-1: Ball 1-1: Fly out, F5 (Popup, 5S, EV 88.8 MPH)
|
|
Batting: LHB Karel Hort
|
0-0: Called Strike 0-1: Ball 1-1: Called Strike 1-2: Fly out, F9 (Flyball, 89M, EV 83.8 MPH)
|
| Bottom of the 7th over - 0 runs, 0 hits, 0 errors, 1 left on base; Columbia 3 - Biloxi 1 |
| TOP OF THE 8TH |
|
Columbia Fireflies batting - Pitching for Biloxi Shuckers : LHP Brian Rich
|
|
Batting: LHB Bayesa Mundhir
|
0-0: Called Strike 0-1: Foul Ball, location: 2F 0-2: Ball 1-2: Foul Ball, location: 2F 1-2: Foul Ball, location: 2F 1-2: Foul Ball, location: 2F 1-2: Foul Ball, location: 2F 1-2: Ball 2-2: Fly out, F3 (Line Drive, 3, EV 67.5 MPH)
|
|
Batting: LHB Miguel Ramos
|
0-0: Ball 1-0: Ball 2-0: Called Strike 2-1: Swinging Strike 2-2: Ground out U3 (Groundball, 3, EV 90.0 MPH)
|
|
Batting: SHB Jerry Burrows
|
0-0: Called Strike 0-1: Ball 1-1: Ball 2-1: Ball 3-1: Called Strike 3-2: Strikes out swinging
|
| Top of the 8th over - 0 runs, 0 hits, 0 errors, 0 left on base; Columbia 3 - Biloxi 1 |
| BOTTOM OF THE 8TH |
|
Biloxi Shuckers batting - Pitching for Columbia Fireflies : RHP Justin Wilkins
|
|
Batting: LHB Kwang-chih Men
|
0-0: Swinging Strike 0-1: Ball 1-1: Ball 2-1: Ground out 4-3 (Groundball, 34, EV 88.8 MPH)
|
|
Batting: SHB Aaron Neill
|
0-0: Ball 1-0: Called Strike 1-1: Ball 2-1: Foul Ball, location: 2F 2-2: Ball 3-2: Strikes out swinging
|
|
Batting: RHB Josh Nelson
|
0-0: Foul Ball, location: 2F 0-1: Foul Ball, location: 2F 0-2: SINGLE (Groundball, 56D, EV 104.4 MPH)
|
|
Batting: LHB Rick Campbell
|
0-0: Swinging Strike 0-1: Swinging Strike 0-2: Strikes out swinging
|
| Bottom of the 8th over - 0 runs, 1 hit, 0 errors, 1 left on base; Columbia 3 - Biloxi 1 |
| TOP OF THE 9TH |
|
Columbia Fireflies batting - Pitching for Biloxi Shuckers : LHP Brian Rich
|
|
Pitching: RHP Zachery Waff
|
|
|
Batting: LHB Zane Kelton
|
0-0: Ball 1-0: Swinging Strike 1-1: Ball 2-1: Swinging Strike 2-2: Strikes out looking
|
|
Batting: LHB Jamel Alexander
|
0-0: Called Strike 0-1: Foul Ball, location: 2F 0-2: Ball 1-2: Fly out, F7 (Line Drive, 78M, EV 103.1 MPH)
|
|
Batting: RHB David Reyna
|
0-0: Ball 1-0: Ball 2-0: Ground out 1-3 (Groundball, 13S, EV 71.9 MPH)
|
| Top of the 9th over - 0 runs, 0 hits, 0 errors, 0 left on base; Columbia 3 - Biloxi 1 |
| BOTTOM OF THE 9TH |
|
Biloxi Shuckers batting - Pitching for Columbia Fireflies : RHP Justin Wilkins
|
|
Pitching: RHP Matt Bennett
|
|
|
Batting: RHB Leo Serrano
|
0-0: Ball 1-0: Called Strike 1-1: Fly out, F8 (Line Drive, 8LD, EV 105.6 MPH)
|
|
Batting: RHB Nick Cummings
|
0-0: Foul Ball, location: 2F 0-1: Ball 1-1: Ball 2-1: Swinging Strike 2-2: Ground out 5-3 (Groundball, 56, EV 81.2 MPH)
|
|
Batting: SHB Justin Hensley
|
0-0: Ball 1-0: Ball 2-0: Called Strike 2-1: Swinging Strike 2-2: Foul Ball, location: 2F 2-2: Strikes out looking
|
| Bottom of the 9th over - 0 runs, 0 hits, 0 errors, 0 left on base; Columbia 3 - Biloxi 1 |
|